 Dungeon Crawl Stone Soup version 0.31.0-11-ge490571c62 (webtiles) character file.

Game seed: 17923907119636860744

654 Drazool the Ruffian (level 7, -17/57 HPs)
             Began as a Naga Shapeshifter on Feb 5, 2024.
             Was a High Priest of Ignis.
             Demolished by an orc warrior
             ... wielding a +0 dire flail
              (20 damage)
             ... on level 5 of the Dungeon.
             The game lasted 00:08:42 (3457 turns).

Drazool the Ruffian (Naga Shapeshifter)             Turns: 3457, Time: 00:08:42

Health: -17/57     AC:  3    Str: 16    XL:     7   Next: 54%
Magic:  7/7        EV:  9    Int: 10    God:    Ignis [*****.]
Gold:   123        SH:  0    Dex: 13    Spells: 6/6 levels left

rFire   + .          .
                       - Unarmed
rCold   . . .        (no shield)
rNeg    + . .        g - +0 leather armour
rPois   +            (helmet currently unavailable)
rElec   .            (cloak currently unavailable)
rCorr   .            (gloves currently unavailable)
SInv    +            (no barding)
Will    .....        (no amulet)
Stlth   +++          N - ring of positive energy
HPRegen 0.29/turn    (no ring)
MPRegen 0.10/turn

%: no passive effects
@: beast-form, very slow
A: beast (slay +2), AC +2, large, see invisible, deformed body, poison
resistance, slowness 2, spit poison 1, naga tail 1
a: Spit Poison, Begin Untransformation, Renounce Religion, Fiery Armour, Foxfire
Swarm, Rising Flame


You were on level 5 of the Dungeon.
You worshipped Ignis.
Ignis was extremely pleased with you.
You were a hulking beast.
You visited 1 branch of the dungeon, and saw 5 of its levels.

You collected 123 gold pieces.


Innate Abilities, Weirdness & Mutations

You are a hulking beast.
Your limbs bulge with bestial killing power. (Slay +2)
Your serpentine skin is tough. (AC +2)
You have supernaturally acute eyesight. (SInv)
Armour fits poorly on your strangely shaped body.
Your system is resistant to poisons. (rPois)
You cover ground very slowly.
You can spit poison.
You have a snake-like lower body.


   Skills:
 - Level 1.0 Fighting
 - Level 1.5 Dodging
 - Level 5.0 Stealth
 + Level 6.5 Unarmed Combat
 - Level 5.0 Shapeshifting


You had 6 spell levels left.
You didn't know any spells.
Your spell library contained the following spells:

 Spells                   Type           Power      Damage    Failure   Level
 Cigotuvi's Dreadful Rot  Necr/Alch/Air  0%         N/A       56%         2
 Scorch                   Fire           0%         2d5       56%         2
 Summon Ice Beast         Ice/Summ       0%         N/A       80%         3
 Flame Wave               Conj/Fire      0%         2d4       99%         4
 Ignite Poison            Fire/Alch      0%         N/A       99%         4
 Freezing Cloud           Conj/Ice/Air   0%         6-21      100%        5
 Summon Mana Viper        Hex/Summ       0%         N/A       100%        5
 Summon Cactus Giant      Summ           0%         N/A       100%        6
 Monstrous Menagerie      Summ           0%         N/A       100%        7

Inventory:

Armour
 g - a +0 leather armour (worn)
 r - a +0 cloak
Jewellery
 q - an amulet of guardian spirit
 N - a ring of positive energy (left hand)
Talismans
 c - a beast talisman
 d - a flux talisman
Scrolls
 e - a scroll of amnesia
 f - a scroll of silence {unknown}
 h - a scroll of enchant armour {unknown}
 i - a scroll of enchant weapon {unknown}
 j - a scroll of blinking
 k - a scroll of acquirement {unknown}
 n - a scroll of immolation {unknown}
 o - a scroll of revelation {unknown}
Potions
 a - a potion of heal wounds {@q2}
 b - 2 potions of lignification
 l - a potion of degeneration {unknown}

Dungeon Overview and Level Annotations

Branches:
Dungeon (5/15)
 Temple: D:4-7

Altars:
Trog
Ignis

##
...
.#..
....
...
#..
#.#
#o#
#o#
#h#
#<#
#.#
#.#
#.#
#.#
#.#
#.#
#.#


You could see an orc warrior and an orc priest.


Message History

The orc hits you with a +0 mace.
You punch the orc!
You kill the orc!
The orc warrior hits you with a +0 dire flail.
The orc warrior barely misses you.
Things that are here:
a +0 mace; a +0 flail; an orc corpse You hit the orc warrior.
The orc warrior is lightly wounded.
The orc warrior hits you with a +0 dire flail.
You hit the orc warrior.
The orc warrior is lightly wounded.
The orc warrior hits you with a +0 dire flail!!
* * * LOW HITPOINT WARNING * * *
You hit the orc warrior.
The orc warrior is heavily wounded.
The orc priest calls down the wrath of Beogh upon you.
Beogh smites you!
* * * LOW HITPOINT WARNING * * *
The orc warrior barely misses you.
You barely miss the orc warrior. Your punch misses the orc warrior.
The orc warrior is heavily wounded.
You hit the orc warrior but do no damage.
The orc warrior is heavily wounded.
The orc warrior hits you with a +0 dire flail!
* * * LOW HITPOINT WARNING * * *
You hit the orc warrior.
The orc warrior is severely wounded.
The orc warrior hits you with a +0 dire flail!!
You die...

Skill      XL: |  1  2  3  4  5  6  7 |
---------------+----------------------+-----
Stealth        | 2 4 5 |  5.0
Unarmed Combat | 4 5 6 |  6.5
Shapeshifting  | 5 |  5.0
Fighting       | |  1.0
Dodging        | |  1.5

Action                     |  1- 3 |  4- 6 |  7- 9 || total
---------------------------+-------+-------+-------++-------
  Melee: Unarmed           |    68 |    88 |    21 ||   177
         Punch             |       |     3 |       ||     3
 Invoke: Fiery Armour      |       |     1 |       ||     1
Ability: Spit Poison       |    36 |    30 |     4 ||    70
    Use: Scroll            |       |     2 |       ||     2
         Potion            |       |     4 |       ||     4
   Stab: Sleeping          |       |     1 |       ||     1
 Armour: Animal skin       |     7 |       |       ||     7
         Leather armour    |    29 |    63 |    12 ||   104
  Dodge: Dodged            |    29 |    31 |     4 ||    64

Levels and vault maps discovered:
D:1:      dpeg_arrival_orchard, layout_loops_ring, minmay_pentomino_x2
D:2:      layout_loops_ring, hellmonk_ecumenical_altar_zigzags,
          minmay_split_cup_small
D:3:      layout_loops_cross, grunt_decor_resistance, minivault_23,
          kennysheep_generic_room_10
D:4:      layout_basic, trog_ov_bears_minmay, minmay_bisected
D:5:      layout_rooms, lemuel_doored_altar, kennysheep_generic_room_4,
          uniq_grinder, uniq_duvessa

Notes
Turn   | Place    | Note
-------+----------+-------------------------------------------
     0 | D:1      | Drazool the Naga Shapeshifter began the quest for the Orb.
     0 | D:1      | Reached XP level 1. HP: 18/18 MP: 1/1
    58 | D:1      | Reached skill level 1 in Stealth
   104 | D:1      | Reached skill level 2 in Stealth
   156 | D:1      | Reached XP level 2. HP: 25/25 MP: 2/2
   231 | D:1      | Reached skill level 3 in Stealth
   486 | D:1      | Reached skill level 4 in Stealth
   514 | D:1      | Reached XP level 3. HP: 31/31 MP: 3/3
   982 | D:2      | Reached skill level 5 in Stealth
  1083 | D:2      | Found a faded altar of an unknown god.
  1127 | D:2      | Prayed at the altar of an unknown god.
  1127 | D:2      | Became a worshipper of Ignis, the Dying Flame
  1139 | D:2      | Reached XP level 4. HP: 36/38 MP: 4/4
  2200 | D:3      | Reached skill level 4 in Unarmed Combat
  2560 | D:4      | Reached XP level 5. HP: 38/44 MP: 5/5
  2729 | D:4      | Noticed a black bear
  2732 | D:4      | Noticed a black bear
  2741 | D:4      | Killed a black bear
  2742 | D:4      | Reached skill level 5 in Unarmed Combat
  2742 | D:4      | Reached XP level 6. HP: 27/51 MP: 6/6
  2744 | D:4      | Killed a black bear
  2745 | D:4      | Reached skill level 4 in Shapeshifting
  2889 | D:4      | Found a bloodstained altar of Trog.
  3110 | D:4      | Reached skill level 5 in Shapeshifting
  3170 | D:4      | Reached XP level 7. HP: 57/57 MP: 7/7
  3236 | D:4      | Reached skill level 6 in Unarmed Combat
  3437 | D:5      | Entered Level 5 of the Dungeon
  3456 | D:5      | HP: 3/57 [orc warrior/+0 dire flail (10)]
  3457 | D:5      | Demolished by an orc warrior

Vanquished Creatures
  2 black bears (D:4)
  An ogre (D:4)
  A scorpion (D:4)
  An orc priest (D:4)
  3 hounds (D:4)
  2 iguanas (D:4)
  An orc wizard (D:4)
  5 adders
  7 orcs
  7 ball pythons
  8 bats
  8 endoplasms
  3 giant cockroaches (D:2)
  8 goblins
  7 hobgoblins
  6 jackals
  5 kobolds
  4 quokkas
  4 frilled lizards
  7 rats
90 creatures vanquished.

Table legend: (Time is in decaauts)
 A = Elapsed time spent in this place.
 B = Non-inter-level travel time spent in this place.
 C = Inter-level travel time spent in this place.
 D = Time resting spent in this place.
 E = Time spent auto-exploring this place.
 F = Levels seen in this place.
 G = Mean time per level.
                   A        B        C        D        E       F      G
               +--------+--------+--------+--------+--------+-----+--------+
         Total |   4423 |   4243 |    180 |    110 |   3432 |   5 |  884.6 |
       Dungeon |   4423 |   4243 |    180 |    110 |   3432 |   5 |  884.6 |
               +--------+--------+--------+--------+--------+-----+--------+

Top non-repeatable levels by time:
     D:2: 1361 daAuts
     D:1: 1065 daAuts
     D:4: 1037 daAuts
     D:3: 938 daAuts
     D:5: 20 daAuts

Table legend:
 A = Non-vault XP
 B = Vault XP
 C = Vault XP percentage of total XP
 D = Non-vault monster count
 E = Vault monster count
 F = Vault count percentage of total count
                 A         B        C        D         E       F
            +---------+---------+-------+---------+---------+-------
      Total |     666 |     269 |  28.8 |      81 |       9 |  10.0
            +---------+---------+-------+---------+---------+-------
        D:1 |      39 |       4 |   9.3 |      24 |       2 |   7.7
        D:2 |      56 |       5 |   8.2 |      26 |       3 |  10.3
        D:3 |      35 |       0 |   0.0 |       8 |       0 |   0.0
        D:4 |     530 |     260 |  32.9 |      21 |       4 |  16.0
        D:5 |       6 |       0 |   0.0 |       2 |       0 |   0.0
            +---------+---------+-------+---------+---------+-------
